 Dungeon Crawl Stone Soup version 0.27.1-15-g792fb953b9 (webtiles) character file.

Game seed: 16582023802977013149

101 Descartes the Covert (level 4, -5/23 HPs)
             Began as a Spriggan Delver on Nov 19, 2021.
             Slain by an ogre (21 damage)
             ... on level 4 of the Dungeon.
             The game lasted 00:03:46 (1629 turns).

Descartes the Covert (Spriggan Delver)              Turns: 1629, Time: 00:03:47

Health: -5/23      AC:  2    Str:  9    XL:     4   Next: 48%
Magic:  5/5        EV: 21    Int: 11    God:
Gold:   39         SH:  0    Dex: 16    Spells: 3/3 levels left

rFire    . . .     SeeInvis +   a - +0 short sword
rCold    . . .     Faith    .   (shield restricted)
rNeg     . . .     Spirit   .   b - +0 robe
rPois    .         Reflect  .   (helmet restricted)
rElec    .         Harm     .   (no cloak)
rCorr    .         Rampage  .   (gloves unavailable)
Will     .....                  (boots unavailable)
Stlth    ++++......             (no amulet)
HPRegen  0.07/turn              k - +4 ring of evasion
MPRegen  0.09/turn              (no ring)

@: very quick
A: very small, no large weapons, unfitting armour, see invisible, speed 3
a: no special abilities


You were on level 4 of the Dungeon.
You visited 2 branches of the dungeon, and saw 6 of its levels.

You collected 39 gold pieces.

Inventory:

Hand Weapons
 a - a +0 short sword (weapon)
Missiles
 e - 5 boomerangs
 h - 18 stones (quivered)
 l - 5 atropa-tipped darts
Armour
 b - a +0 robe (worn)
 i - a +0 buckler
Jewellery
 k - a +4 ring of evasion (left hand)
Wands
 g - a wand of digging (3)
Scrolls
 c - a scroll of fog
 d - a scroll of magic mapping
 j - a scroll of noise {unknown}
 n - a scroll of amnesia {unknown}
Potions
 f - a potion of haste
 m - a potion of mutation {unknown}


   Skills:
 - Level 2.4 Fighting
 + Level 4.0 Short Blades
 - Level 2.6 Dodging
 + Level 8.8 Stealth


You had 3 spell levels left.
You didn't know any spells.
Your spell library was empty.

Dungeon Overview and Level Annotations

Branches:
Dungeon (5/15)             Temple (1/1) D:5

Altars:
Ashenzari
Cheibriados
Elyvilon
Fedhas
Gozag
Hepliaklqana
Kikubaaqudgha
Makhleb
Nemelex Xobeh
Ru
Sif Muna
Trog
Vehumet
Wu Jian
Xom
Yredelemnul
Zin
The Shining One


Innate Abilities, Weirdness & Mutations

You are very small and have problems with some larger weapons.
You are too small for most types of armour.
You have supernaturally acute eyesight. (SInv)
You cover ground extremely quickly. (Speed+++)


Message History

The hound skeleton is moderately damaged.
The ogre shouts!
The hound skeleton bites you.
You hit the hound skeleton but do no damage.
The hound skeleton is moderately damaged.
The hound skeleton completely misses you.
The ogre misses you.
You hit the hound skeleton.
The hound skeleton is moderately damaged.
The hound skeleton completely misses you.
You hit the hound skeleton.
The hound skeleton is heavily damaged.
The hound skeleton misses you.
You hit the hound skeleton.
The hound skeleton is heavily damaged.
The hound skeleton bites you.
You hit the hound skeleton.
The hound skeleton is severely damaged.
The hound skeleton misses you.
You hit the hound skeleton.
The hound skeleton is almost destroyed.
The hound skeleton misses you. x2
You hit the hound skeleton.
You destroy the hound skeleton!
Your Short Blades skill increases to level 4!
You hit the ogre.
The ogre is lightly wounded.
You hit the ogre.
The ogre is moderately wounded.
The ogre misses you.
You hit the ogre but do no damage.
The ogre is moderately wounded.
The ogre closely misses you.
You hit the ogre but do no damage.
The ogre is moderately wounded.
You barely miss the ogre.
The ogre is moderately wounded.
The ogre hits you with a +0 giant club!!
Ouch! That really hurt!
You die...

<.##...# (.
...#...# ... ##
..#...#+ #...
#.###.....###...
#.............#..
#......8.........
#........Z.......
###/...O###
##.'#...#@.##
#...#...#...#
#>.##...##.>#
#####....####
#.....# ###....
#.....# #.....
#.....# #.....
#.....# #.....#
### ####.....####


You could see an ogre and a hound skeleton.

Vanquished Creatures
  A bullfrog skeleton (D:5)
  Natasha (twice) (D:2)
  A hound skeleton (D:4)
  A worm (D:5)
  A dart slug (D:1)
  An endoplasm (D:1)
  3 goblins
  A quokka (D:4)
  A ball python (D:1)
  A bat (D:1)
13 creatures vanquished.

Notes
Turn   | Place    | Note
-------+----------+-------------------------------------------
     0 | D:5      | Descartes the Spriggan Delver began the quest for the Orb.
     0 | D:5      | Reached XP level 1. HP: 11/11 MP: 2/2
    14 | Temple   | Entered the Ecumenical Temple
   313 | D:5      | Reached skill level 8 in Stealth
   313 | D:5      | Reached XP level 2. HP: 5/16 MP: 3/3
   313 | D:5      | Reached XP level 3. HP: 6/19 MP: 4/4
   694 | D:2      | Noticed Natasha
   697 | D:2      | Killed Natasha
   722 | D:2      | Noticed Natasha
  1251 | D:2      | Killed Natasha
  1252 | D:2      | Reached XP level 4. HP: 4/23 MP: 5/5
  1585 | D:5      | Noticed a centaur
  1599 | D:4      | Noticed an ogre
  1601 | D:4      | You fall into a shaft and drop 1 floor!
  1629 | D:4      | Slain by an ogre

Illustrated notes

Levels and vault maps discovered:
D:1:      dpeg_arrival_radiant, layout_loops_ring, serial_rivers,
          chequers_serial_rivers_marsh, chequers_serial_rivers_micro_a,
          chequers_serial_rivers_small_3, chequers_serial_rivers_marsh,
          dk_noncrumbling_4, grunt_decor_fettered, minmay_bisected
D:2:      layout_loops_ring, uniq_natasha, uniq_sigmund
D:3:      layout_rooms, lemuel_crystal_altar, chequers_ecumenical_altar_grove
D:4:      layout_basic, grunt_ministairs_6, uniq_ijyb
D:5:      layout_gridville, minmay_temple_entry_slanted, uniq_duvessa
Temple:   dpeg_five_rooms_temple

Skill      XL: |  1  2  3  4 |
---------------+-------------+-----
Short Blades   | 3 4 |  4.0
Stealth        | 8 |  8.8
Fighting       | |  2.4
Dodging        | |  2.6

Action                   |  1- 3 |  4- 6 || total
-------------------------+-------+-------++-------
Melee: Short sword       |    63 |    13 ||    76
  Use: Scroll            |     1 |       ||     1
 Stab: Sleeping          |     5 |       ||     5
Armor: Robe              |     5 |       ||     5
Dodge: Dodged            |    37 |     9 ||    46
